Map: Proxima Station LE

Players

Ghost - Winner!

  • Race: Terran Terran
  • Spawn Location: 1:00

Alexander

  • Race: Terran Terran
  • Spawn Location: 7:00

Event: WCS Austin 2017

VOD

Have the link to the VOD?

Description

Time

  • Played on: April 28, 2017, 2:15 p.m.
  • Length: 10:21

All games in this series

Show
View Real Time Build Order
Export as new Build Order

Ghost Terran - Winner!

Build Orders: Cyclone Opening 

Get SALT Encoding   

  12  0:00  SCV  
  13  0:12  SCV  
  14  0:17  Supply Depot  
  14  0:24  SCV  
  15  0:29  Refinery  
  15  0:39  SCV  
  16  0:45  Barracks  
  16  0:51  SCV  
  17  1:03  SCV  
  18  1:15  SCV  
  20  1:32  Reaper  
  20  1:33  Orbital Command  
  20  1:48  Command Center  
  20  1:59  SCV  
  21  2:04  Factory  
  21  2:08  Barracks Reactor  
  21  2:12  Refinery  
  21  2:15  SCV  
  22  2:23  Supply Depot  
  22  2:35  SCV  
  23  2:45  Marine x2  
  23  2:47  SCV  
  26  2:52  Cyclone  
  29  2:59  SCV  
  29  3:03  Starport  
  29  3:04  Marine x2  
  32  3:13  SCV  
  32  3:16  Orbital Command  
  33  3:25  SCV  
  37  3:29  Marine  
  37  3:31  Factory Tech Lab  
  37  3:33  Marine  
  36  3:37  SCV  
  36  3:47  SCV  
  37  3:49  SCV  
  37  3:54  Starport Reactor  
  37  3:55  Siege Tank  
  41  3:56  Viking  
  41  3:57  Marine x2  
  41  4:01  Supply Depot, SCV  
  46  4:22  Marine x2  
  46  4:23  SCV x2  
  50  4:25  Supply Depot  
  50  4:27  Siege Tank  
  53  4:38  SCV  
  54  4:40  Supply Depot  
  54  4:46  Viking, SCV  
  58  4:52  SCV  
  58  4:54  Marine x2  
  58  4:56  Command Center  
  60  5:04  SCV  
  60  5:05  Siege Tank, SCV  
  65  5:09  Supply Depot  
  65  5:13  Marine  
  65  5:14  Marine  
  67  5:17  Viking  
  67  5:19  SCV  
  70  5:30  SCV  
  70  5:31  Barracks  
  71  5:37  Marine x2  
  71  5:38  SCV  
  71  5:40  Siege Tank  
  71  5:42  SCV  
  77  5:55  Starport Reactor  
  77  5:56  Barracks  
  77  5:57  Barracks  
  77  6:04  Marine  
  78  6:08  Marine  
  70  6:21  Marine  
  70  6:23  SCV x2, Orbital Command  
  70  6:24  Barracks Tech Lab, Siege Tank  
  68  6:26  Marine  
  69  6:34  Supply Depot, Barracks  
  69  6:38  Engineering Bay x2  
  69  6:39  Marine  
  70  6:40  Refinery  
  70  6:43  Refinery  
  70  6:46  Marine x3  
  67  7:02  Viking x2  
  67  7:03  Siege Tank  
  67  7:06  SCV  
  75  7:11  Barracks Tech Lab  
  75  7:12  Barracks Reactor  
  75  7:25  Marine x2  
  75  7:26  Barracks Reactor, SCV x2  
  79  7:32  Supply Depot x2  
  79  7:34  Supply Depot  
  79  7:35  Stimpack  
  79  7:44  Combat Shields  
  79  7:45  Marine x4  
  79  7:47  SCV x2  
  79  7:48  SCV  
  79  7:49  Marine x2  
  88  7:51  Medivac  
  90  7:59  SCV  
  90  8:03  Sensor Tower, SCV  
  91  8:13  Marine x6  
  91  8:14  Marine x2  
  91  8:16  Siege Tank  
  91  8:19  Orbital Command  
  102  8:30  Marine x2  
  102  8:31  Marine x3  
  107  8:39  Marine x2  
  107  8:40  Marine  
  110  8:44  SCV  
  110  8:45  Barracks  
  110  8:46  Barracks  
  111  8:48  Marine x3  
  111  8:49  Siege Tank, Marine x2  
  111  8:51  Refinery x2  
  118  8:57  Marine x3  
  118  9:00  SCV  
  122  9:07  Marine x3  
  125  9:12  Supply Depot  
  125  9:13  Medivac, Marine x2  
  129  9:18  Factory  
  129  9:21  Siege Tank  
  132  9:25  SCV  
  133  9:33  Marine x6  
  133  9:34  SCV x2  
  141  9:39  Marine  
  141  9:40  Command Center  
  141  9:42  Marine  
  141  9:53  SCV  
  125  10:01  Marine x2  
Show
View Real Time Build Order
Export as new Build Order

Alexander Terran 

Build Orders: Cyclone Opening 

Get SALT Encoding   

  12  0:01  SCV  
  13  0:13  SCV  
  14  0:18  Supply Depot  
  14  0:25  SCV  
  15  0:32  Refinery  
  15  0:40  SCV  
  16  0:47  Barracks  
  16  0:55  SCV  
  17  1:01  Refinery  
  17  1:07  SCV  
  18  1:19  SCV  
  19  1:40  Reaper  
  19  1:45  Orbital Command  
  20  1:47  Factory  
  20  1:54  Supply Depot  
  20  2:12  Reaper, SCV  
  22  2:26  SCV  
  23  2:36  Cyclone  
  26  2:51  SCV  
  27  2:54  Command Center  
  27  3:03  SCV  
  28  3:07  Starport  
  28  3:12  Factory Tech Lab  
  28  3:13  Barracks Reactor  
  28  3:15  SCV  
  29  3:28  SCV  
  30  3:39  Supply Depot  
  30  3:43  SCV  
  29  3:49  Marine x2  
  31  4:00  Viking  
  31  4:01  Supply Depot, Siege Tank, SCV  
  37  4:07  Orbital Command  
  37  4:09  Marine x2  
  39  4:13  SCV  
  40  4:23  Supply Depot  
  40  4:26  SCV  
  40  4:27  Marine  
  40  4:29  Marine  
  45  4:36  SCV  
  46  4:40  Starport Reactor  
  46  4:42  SCV  
  46  4:45  Marine  
  46  4:47  Barracks, Marine  
  46  4:48  Siege Tank  
  50  5:00  SCV x2  
  50  5:03  Marine  
  50  5:05  Marine  
  54  5:10  Engineering Bay  
  54  5:12  SCV  
  55  5:20  Siege Tank  
  58  5:22  Medivac x2  
  58  5:24  SCV  
  63  5:35  Marine  
  63  5:36  Barracks Tech Lab, Marine, SCV  
  63  5:37  SCV  
  67  5:49  SCV x2  
  69  5:52  Medivac  
  70  6:05  SCV  
  70  6:11  Supply Depot, Stimpack  
  70  6:12  Supply Depot, SCV  
  70  6:13  Supply Depot  
  70  6:14  Medivac  
  62  6:27  Marine x2  
  62  6:28  Siege Tank  
  62  6:30  SCV x2  
  69  6:34  Barracks  
  69  6:35  Barracks  
  69  6:36  Barracks  
  69  6:37  Supply Depot  
  69  6:41  Marine  
  64  6:59  Marine  
  64  7:00  Siege Tank, Marine x2  
  65  7:01  Viking  
  65  7:04  SCV x2  
  69  7:08  Refinery  
  69  7:09  Refinery, Command Center  
  69  7:18  Factory  
  69  7:35  Armory  
  69  7:36  Marine x2  
  70  7:37  Engineering Bay  
  70  7:39  Barracks Reactor  
  70  7:41  SCV  
  70  7:42  SCV  
  70  7:43  Marine x2  
  75  7:53  SCV  
  75  7:54  Marine x2, SCV  
  75  7:57  Barracks Reactor  
  78  7:58  Terran Infantry Weapons Level 1  
  78  8:01  Marine x2  
  80  8:12  Marine x2  
  82  8:18  Marine x2  
  84  8:20  Factory Tech Lab  
  84  8:22  Terran Infantry Armor Level 1  
  84  8:23  Orbital Command  
  84  8:25  SCV x2  
  84  8:26  Marine x2  
  88  8:30  Marine  
  88  8:33  Viking x2  
  88  8:34  Marine x3  
  93  8:36  Marine x2  
  97  8:43  Marine x2  
  97  8:45  SCV x2  
  97  8:48  Supply Depot  
  101  8:54  Sensor Tower  
  101  8:57  Barracks Reactor, Marine x4  
  101  8:58  Marine  
  101  9:00  Missile Turret  
  101  9:01  Missile Turret, Marine x2  
  101  9:02  SCV x2  
  110  9:03  SCV  
  111  9:14  Marine x2  
  111  9:15  Marine x3  
  115  9:19  Marine x2  
  117  9:25  Siege Tank x2  
  117  9:28  Viking  
  125  9:32  Marine  
  125  9:34  Marine  
  125  9:37  Marine  
  125  9:39  Marine  
  125  9:45  Marine  
  125  9:46  Marine x2  
  125  9:50  Marine x3  
  125  9:53  Marine  
  125  9:55  Marine  
  125  9:56  Marine  
  114  10:03  Marine  
Tags
 
Add a new tag
Caveats
  • Supply blocks, unpowered buildings, or Contaminate may cause inaccurate times.
  • Supply counts are checked every 10 seconds.